[Event "Swedish Chess Championship 2021: Junior-SM"]
[Site "Scandic Helsingborg Nord, Florettgatan 41, Helsingborg, Sweden"]
[Date "2021.07.10"]
[Round "8.4"]
[White "Carlsson, Ludvig"]
[Black "Olsson, William"]
[Result "1-0"]
[TimeControl "90 minutes for 40 moves + 30 minutes for the rest of the game + 30 seconds per move from move one."]
[WhiteTitle "CM"]
[WhiteFideId "1727010"]
[BlackFideId "1741721"]
[WhiteElo "2258"]
[BlackElo "2221"]
1. e4 c5 2. Nf3 d6 3. d4 cxd4 4. Nxd4 Nf6 5. Nc3 g6 6. Be3 Bg7 7. f3 O-O 8. Qd2 Nc6 9. O-O-O d5 10.
Kb1 Nxd4 11. e5 Nf5 12. exf6 exf6 13. Bc5 Re8 14. Nxd5 Kh8 15. g4 Nh6 16. h4 Be6 17. Bb5 Qc8 18.
Bxe8 Qxc5 19. Ba4 Ng8 20. Qb4 Qc8 21. Qc3 Qf8 22. Qb4 Qc8 23. h5 g5 24. c3 f5 25. gxf5 Bxf5+ 26. Bc2 Nh6 27.
Rhg1 f6 28. Rge1 a5 29. Bxf5 Nxf5 30. Qg4 Rb8 31. Nb6 Qc6 32. Nd7 1-0

[Event "Swedish Chess Championship 2021: Junior-SM"]
[Site "Scandic Helsingborg Nord, Florettgatan 41, Helsingborg, Sweden"]
[Date "2021.07.10"]
[Round "8.5"]
[White "Nguyen, Gabriel"]
[Black "Petersson, Baldur Teodor"]
[Result "1/2-1/2"]
[TimeControl "90 minutes for 40 moves + 30 minutes for the rest of the game + 30 seconds per move from move one."]
[BlackTitle "CM"]
[WhiteFideId "1720791"]
[BlackFideId "2309157"]
[WhiteElo "2099"]
[BlackElo "2230"]
1. d4 Nf6 2. c4 g6 3. Nc3 Bg7 4. e4 d6 5. f3 O-O 6. Be3 Nbd7 7. Nge2 c5 8. d5 Ne5 9. Ng3 h5 10.
Be2 h4 11. Nf1 h3 12. g4 e6 13. g5 Nh7 14. f4 exd5 15. cxd5 Nd7 16. Qd2 1/2-1/2

[Event "Swedish Chess Championship 2021: Junior-SM"]
[Site "Scandic Helsingborg Nord, Florettgatan 41, Helsingborg, Sweden"]
[Date "2021.07.10"]
[Round "8.1"]
[White "Wernberg, Hugo"]
[Black "Falkevall, Axel"]
[Result "1-0"]
[TimeControl "90 minutes for 40 moves + 30 minutes for the rest of the game + 30 seconds per move from move one."]
[WhiteTitle "CM"]
[BlackTitle "CM"]
[WhiteFideId "1737511"]
[BlackFideId "1735560"]
[WhiteElo "2208"]
[BlackElo "2209"]
1. c4 Nf6 2. Nc3 e6 3. Nf3 d5 4. e3 c5 5. d4 Nc6 6. a3 a6 7. dxc5 Bxc5 8. b4 Ba7 9. Bb2 O-O 10.
Be2 dxc4 11. Bxc4 Qe7 12. O-O Rd8 13. Qc2 b5 14. Bd3 Bb7 15. Ne4 Nd5 16. Qe2 Rac8 17. Rac1 Nb8 18. Rxc8 Rxc8 19.
Be5 Nd7 20. Bd6 Qd8 21. Bg3 Nc3 22. Nxc3 Rxc3 23. Rd1 Bxf3 24. gxf3 Qc8 25. a4 Nf6 26. axb5 axb5 27. Bxb5 Nd5 28.
e4 Nxb4 29. Qb2 Nc2 30. Qxc3 Qxc3 31. Rd8# 1-0

[Event "Swedish Chess Championship 2021: Junior-SM"]
[Site "Scandic Helsingborg Nord, Florettgatan 41, Helsingborg, Sweden"]
[Date "2021.07.10"]
[Round "8.2"]
[White "Torngren, Gustav"]
[Black "Soderstrom, Adrian"]
[Result "1/2-1/2"]
[TimeControl "90 minutes for 40 moves + 30 minutes for the rest of the game + 30 seconds per move from move one."]
[WhiteTitle "FM"]
[BlackTitle "CM"]
[WhiteFideId "1728970"]
[BlackFideId "1745786"]
[WhiteElo "2307"]
[BlackElo "2258"]
1. Nc3 Nf6 2. Nf3 d5 3. b3 Nbd7 4.
d4 e6 5.
Bb2 c6 6. Qd3 Qa5 7. a3 Be7 8. b4 Qb6 9. Na4 Qc7 10. Ne5 Nxe5 11. dxe5 Nd7 12. Qg3 g6 13. e4 Nb6 14. Nxb6 Qxb6 15.
exd5 cxd5 16. Rd1 Bd7 17. Bd4 Qc7 18. Qb3 a5 19. Bd3 axb4 20. axb4 O-O 21. O-O Ra4 22. c3 Rfa8 23. Qb1 Ra3 24.
f4 Ba4 25. Rd2 Bb3 26. Qe1 Bc4 27. Bxc4 Qxc4 28. Qe2 Qxe2 29. Rxe2 h5 30. g3 Kf8 31. h3 Ke8 32. g4 hxg4 33.
hxg4 Kd7 34. f5 gxf5 35. gxf5 Rg8+ 36.
Rg2 Rxg2+ 37. Kxg2 exf5 38. Rxf5 Ke6 39. Rh5 Ra6 1/2-1/2

[Event "Swedish Chess Championship 2021: Junior-SM"]
[Site "Scandic Helsingborg Nord, Florettgatan 41, Helsingborg, Sweden"]
[Date "2021.07.10"]
[Round "8.3"]
[White "Pantzar, Milton"]
[Black "Rasti, Arvin"]
[Result "1-0"]
[TimeControl "90 minutes for 40 moves + 30 minutes for the rest of the game + 30 seconds per move from move one."]
[WhiteTitle "IM"]
[WhiteFideId "1721003"]
[BlackFideId "1741160"]
[WhiteElo "2421"]
[BlackElo "2248"]
1. d4 Nf6 2. c4 e6 3. Nf3 d5 4. g3 Bb4+ 5. Bd2 Be7 6. Bg2 O-O 7. Qc2 c6 8. h4 Nbd7 9. Nc3 b6 10.
e4 dxe4 11. Nxe4 Bb7 12. Nfg5 Qc8 13. Bc3 Nxe4 14. Bxe4 g6 15. f4 c5 16. d5 exd5 17. cxd5 Nf6 18. O-O-O Nh5 19. f5 Bxg5+ 20. hxg5 1-0

[Event "Swedish Chess Championship 2021: Junior-SM"]
[Site "Scandic Helsingborg Nord, Florettgatan 41, Helsingborg, Sweden"]
[Date "2021.07.08"]
[Round "6.1"]
[White "Wernberg, Hugo"]
[Black "Rasti, Arvin"]
[Result "0-1"]
[TimeControl "90 minutes for 40 moves + 30 minutes for the rest of the game + 30 seconds per move from move one."]
[WhiteTitle "CM"]
[WhiteFideId "1737511"]
[BlackFideId "1741160"]
[WhiteElo "2208"]
[BlackElo "2248"]
1. Nf3 Nf6 2. c4 g6 3. Nc3 Bg7 4. e4 d6 5. d4 O-O 6. h3 a6 7. a4 e5 8. d5 a5 9. Be2 Na6 10.
Be3 Nc5 11. Nd2 Ne8 12. g4 b6 13. Nb3 Bd7 14. Nxc5 dxc5 15. Qd2 f5 16. gxf5 gxf5 17. exf5 Bxf5 18. h4 Nd6 19. O-O-O Qd7 20.
Rhg1 Kh8 21. b3 e4 22. Rg2 Rg8 23. Rdg1 Qe7 24. Kb2 Raf8 25. h5 Qe5 26. Rxg7 Rxg7 27. Rxg7 Kxg7 28. Bh6+ Kf7 29.
Bxf8 Kxf8 30. Qg5 Qd4 31. Qf4 Ke7 32. Qg5+ Qf6 33. Qxf6+ Kxf6 34. Kc1 Bh3 35. Kd2 Bg2 36. Nb5 Nxb5 37.
axb5 Kg5 38. Ke3 h6 39. Bd1 Kf5 40. Be2 Ke5 41. Bd1 Bf1 42. Bc2 a4 43. bxa4 Bxc4 44. Bxe4 Bxd5 45. Bc2 Bf7 46.
Bd1 c4 47. Bf3 Be8 48. Be4 Bxh5 49. f4+ Kf6 50. Kd4 Be2 51. Bd5 h5 52. Bxc4 Bxc4 53. Kxc4 Kf5 54. Kd5 h4 55. Kc6 h3 56.
Kxc7 h2 57. Kxb6 h1=Q 58. a5 Qa8 59. a6 Kxf4 60. Kc7 Qa7+ 61. Kc6 Ke5 62. b6 Qxa6 63. Kc7 Qc4+ 64. Kd7 Kd5 0-1

[Event "Swedish Chess Championship 2021: Junior-SM"]
[Site "Scandic Helsingborg Nord, Florettgatan 41, Helsingborg, Sweden"]
[Date "2021.07.08"]
[Round "6.2"]
[White "Petersson, Baldur Teodor"]
[Black "Falkevall, Axel"]
[Result "0-1"]
[TimeControl "90 minutes for 40 moves + 30 minutes for the rest of the game + 30 seconds per move from move one."]
[WhiteTitle "CM"]
[BlackTitle "CM"]
[WhiteFideId "2309157"]
[BlackFideId "1735560"]
[WhiteElo "2230"]
[BlackElo "2209"]
1. e4 e6 2. d3 d5 3. Nd2 Nf6 4. Ngf3 Nc6 5. c3 Bd6 6. b4 e5 7. a3 O-O 8. Qc2 Re8 9. Bb2 a5 10.
b5 Ne7 11. c4 dxe4 12. dxe4 b6 13. c5 Bxc5 14. Nxe5 Ng6 15. Nxg6 hxg6 16. Be2 Bb7 17. Bf3 Nxe4 18. Nxe4 Bxe4 19.
Bxe4 Qh4 20. O-O Rxe4 21. Qc3 f6 22. Rad1 Bd6 23. g3 Qh3 24. Rd4 Rxd4 25. Qxd4 Re8 26. Qd5+ Qe6 27. Qd3 Kh7 28.
Rc1 Qe2 29. Qxe2 Rxe2 30. Bd4 g5 31. Be3 Rb2 32. a4 Rb3 33. Rc6 Rd3 34. Kf1 Kg6 35. Ke2 Rd5 36. h3 Kf5 37. g4+ Ke6 38.
f4 gxf4 39. Bxf4 Kd7 40. Bxd6 Rxd6 41. Rc4 Rd5 42. Ke3 Rc5 43. Rd4+ Ke6 44. h4 Rc3+ 45. Kd2 Rg3 46. h5 Rg2+ 47.
Kd3 Rg3+ 48. Kd2 Ke7 49. Re4+ Kd7 50. Rd4+ Kc8 51. Re4 Kd7 52. Rd4+ Ke6 53. Rc4 Kd5 54. Rxc7 Rxg4 55. Rc6 Rxa4 56.
Rxb6 Kc5 57. Re6 Kxb5 58. h6 gxh6 59. Rxf6 Rh4 60. Kc3 a4 61. Rf5+ Kc6 62. Ra5 a3 63. Kb3 Rh3+ 64. Ka2 Kd6 65.
Rb5 Ke6 66. Ra5 Kf6 67. Ra6+ Ke5 68. Ra5+ Kd4 69. Ra4+ Kc5 70. Ra8 h5 71. Ra7 h4 72. Rh7 Kd5 73. Rh8 Ke5 74. Re8+ Kf5 75.
Rf8+ Kg5 76. Rg8+ Kh5 77. Rh8+ Kg6 78. Rg8+ Kh6 79. Rh8+ Kg7 80. Rh5 Kg6 81. Rh8 Kg5 82. Rg8+ Kf4 83.
Rh8 Kg4 84. Rg8+ Kf3 85. Rf8+ Kg2 86. Rh8 Rh1 87. Kxa3 h3 88. Rg8+ Kh2 89. Kb2 Rg1 90. Rh8 Kg2 91. Rg8 Kh1 92.
Rh8 h2 93. Kc2 Rg2+ 0-1

[Event "Swedish Chess Championship 2021: Junior-SM"]
[Site "Scandic Helsingborg Nord, Florettgatan 41, Helsingborg, Sweden"]
[Date "2021.07.08"]
[Round "6.3"]
[White "Carlsson, Ludvig"]
[Black "Pantzar, Milton"]
[Result "1-0"]
[TimeControl "90 minutes for 40 moves + 30 minutes for the rest of the game + 30 seconds per move from move one."]
[WhiteTitle "CM"]
[BlackTitle "IM"]
[WhiteFideId "1727010"]
[BlackFideId "1721003"]
[WhiteElo "2258"]
[BlackElo "2421"]
1. e4 c6 2. Nf3 d5 3. d3 dxe4 4. dxe4 Qxd1+ 5. Kxd1 Nf6 6. Nbd2 g6 7. Ne1 Bh6 8. f3 Be6 9. a4 a5 10.
b3 Nfd7 11. Bb2 f6 12. Bc4 Nc5 13. Bxe6 Nxe6 14. Nc4 Na6 15. Bc3 b5 16. Nxa5 O-O-O+ 17. Nd3 Rd6 18. e5 fxe5 19. Nxc6 Rxc6 20.
Bxe5 bxa4 21. Bxh8 axb3 22. cxb3 Nac7 23. g3 Nd5 24. f4 g5 25. f5 Nec7 26. Rc1 Rb6 27. b4 g4 28. Rc5 Ra6 29.
Be5 Ra2 30. Nf4 Bxf4 31. gxf4 Kd7 32. Kc1 e6 33. fxe6+ Kxe6 34. Kb1 1-0

[Event "Swedish Chess Championship 2021: Junior-SM"]
[Site "Scandic Helsingborg Nord, Florettgatan 41, Helsingborg, Sweden"]
[Date "2021.07.08"]
[Round "6.4"]
[White "Torngren, Gustav"]
[Black "Olsson, William"]
[Result "0-1"]
[TimeControl "90 minutes for 40 moves + 30 minutes for the rest of the game + 30 seconds per move from move one."]
[WhiteTitle "FM"]
[WhiteFideId "1728970"]
[BlackFideId "1741721"]
[WhiteElo "2307"]
[BlackElo "2221"]
1. e3 g6 2. c4 Bg7 3. Nc3 Nf6 4. Nf3 O-O 5. d4 d6 6. Be2 Nc6 7. O-O e5 8. d5 Ne7 9. e4 a5 10.
Ne1 Ne8 11. Nd3 f5 12. Bd2 Nf6 13. f3 c5 14. a3 Bd7 15. b3 f4 16. g4 g5 17. Rb1 h5 18. h3 Kf7 19. b4 axb4 20.
axb4 b6 21. bxc5 bxc5 22. Rb7 Bc8 23. Rb3 Rh8 24. Kg2 Rh6 25. Nb5 Bf8 26. Be1 Ng6 27. Bf2 Bd7 28. Qb1 Kg8 29. Nc3 Qe7 30.
Rh1 Qh7 31. Rb7 Kf7 32. Qb5 Rd8 33. Qb6 Be7 34. Nxc5 hxg4 35. Ne6 Bxe6 36. Qxd8 gxf3+ 37. Bxf3 Bxh3+ 38. Kg1 g4 39. Nb5 Ne8 40.
Nxd6+ Nxd6 41. Qxd6 gxf3 42. Bc5 Bd7 43. Rxh6 Qxh6 44. Qxd7 Qg5+ 45. Kh1 Qg2# 0-1

[Event "Swedish Chess Championship 2021: Junior-SM"]
[Site "Scandic Helsingborg Nord, Florettgatan 41, Helsingborg, Sweden"]
[Date "2021.07.08"]
[Round "6.5"]
[White "Nguyen, Gabriel"]
[Black "Soderstrom, Adrian"]
[Result "0-1"]
[TimeControl "90 minutes for 40 moves + 30 minutes for the rest of the game + 30 seconds per move from move one."]
[BlackTitle "CM"]
[WhiteFideId "1720791"]
[BlackFideId "1745786"]
[WhiteElo "2099"]
[BlackElo "2258"]
1. d4 d5 2. Nf3 Nf6 3. c4 c6 4. Nc3 e6 5. cxd5 exd5 6. Qc2 Nbd7 7. Bg5 Qa5 8. e3 Ne4 9. Bd3 Nxg5 10.
Nxg5 h6 11. Nf3 Bd6 12. O-O O-O 13. a3 Qc7 14. Rac1 Qd8 15. b4 a5 16. Qb3 Qe7 17. Rb1 Nf6 18. h3 axb4 19. axb4 b5 20.
Nd2 Be6 21. Qb2 Nd7 22. e4 dxe4 23. Ndxe4 Bc7 24. Rbc1 Nb6 25. Rfe1 Nd5 26. Nc5 Nf4 27. Bf1 Qg5 28. Kh1 Qh5 29.
Re3 Nd5 30. Be2 Qg6 31. Bd3 Qf6 32. N3e4 Qh4 33. Rf3 Bg4 34. Rg3 Bxg3 35. fxg3 Qh5 36. Nf2 Bc8 37. Re1 Qg5 38. Nfe4 Qd8 39.
Kh2 Ra7 40. Bb1 Bf5 41. Rf1 Bg6 42. Nd2 Bxb1 43. Qxb1 Qd6 44. Nf3 Ra3 45. Ne5 Nf6 46. Qb2 Rfa8 47. Qf2 Qd5 48. Qf4 Ra2 49.
Rf3 Re2 50. Ncd3 Raa2 51. Nf2 Rad2 52. Ned3 Nd7 53. Qg4 Qe6 54. Qh4 Qe7 55. Qg4 Nf8 56. h4 Qd7 57. Qh5 Qd5 58. Rf5 g6 59.
Rxd5 gxh5 60. Rxh5 Rxf2 61. Nxf2 Rxf2 62. Rxh6 Ne6 63. d5 cxd5 64. Rh5 Rd2 65. Re5 Kg7 66. Kh3 Kf6 67. Re1 Rd4 68.
Rf1+ Kg6 69. g4 Rxb4 70. h5+ Kg7 71. Kh4 Re4 72. Rf5 d4 73. Rxb5 d3 74. Rb2 Rd4 75. Rd2 f5 76. Kh3 Rxg4 77.
g3 Rd4 78. Kg2 Nc5 79. Kf3 Nb3 80. Ke3 Re4+ 0-1